 Dungeon Crawl Stone Soup version 0.26.0-10-g1f06aea511 (webtiles) character file.

Game seed: 13286155356545774430

505 Arum the Shield-Bearer (level 7, -5/56 HPs)
             Began as a Formicid Fighter on Jan 16, 2021.
             Slain by a steam dragon (8 damage)
             ... on level 5 of the Dungeon.
             The game lasted 00:03:41 (3271 turns).

Arum the Shield-Bearer (Formicid Fighter)           Turns: 3271, Time: 00:03:42

Health: -5/56      AC: 11    Str: 34    XL:     7   Next: 41%
Magic:  7/7        EV:  9    Int:  8    God:
Gold:   189        SH: 11    Dex: 10    Spells: 6/6 levels left

rFire    . . .     SeeInvis +   a - +0 long sword
rCold    . . .     Faith    .   c - +0 kite shield
rNeg     . . .     Spirit   .   b - +0 scale mail
rPois    .         Reflect  .   (helmet unavailable)
rElec    .         Harm     .   w - +2 cloak {Stlth+}
rCorr    .         Rampage  .   (no gloves)
Will     .....                  f - +0 pair of boots
Stlth    ..........             (no amulet)
HPRegen  0.18/turn              m - +6 ring of strength
MPRegen  0.10/turn              p - +6 ring of strength

@: no status effects
A: permanent stasis, dig shafts and tunnels, four strong arms, antennae 3
a: Dig, Shaft Self


You were on level 5 of the Dungeon.
You visited 1 branch of the dungeon, and saw 5 of its levels.

You collected 189 gold pieces.

Inventory:

Hand Weapons
 a - a +0 long sword (weapon)
Armour
 b - a +0 scale mail (worn)
 c - a +0 kite shield (worn)
 f - a +0 pair of boots (worn)
 w - a +2 cloak of stealth (worn)
Jewellery
 m - a +6 ring of strength (left hand)
 p - a +6 ring of strength (right hand)
 x - a cursed ring of attention {unknown}
Wands
 q - a wand of paralysis (10)
 v - a wand of flame (18)
Scrolls
 e - 4 scrolls of identify {unknown}
 g - 3 scrolls of remove curse {unknown}
 i - 2 scrolls of fog {unknown}
 j - 2 scrolls of enchant armour {unknown}
 k - a scroll of blinking {unknown}
 l - a scroll of magic mapping {unknown}
 r - a scroll of teleportation {unknown}
 s - a scroll of random uselessness {unknown}
 y - a scroll of amnesia {unknown}
Potions
 d - a potion of might
 h - 2 potions of curing {unknown}
 n - 3 potions of haste {unknown}
 o - a potion of magic {unknown}
 t - a potion of ambrosia {unknown}
 u - a potion of mutation {unknown}
 z - a potion of resistance {unknown}


   Skills:
 + Level 5.1 Fighting
 + Level 4.1 Long Blades
 - Level 5.0 Armour
 + Level 5.8 Shields


You had 6 spell levels left.
You didn't know any spells.
Your spell library contained the following spells:

 Spells                   Type           Power        Failure   Level
 Beastly Appendage        Tmut           0%           85%         1
 Wereblood                Tmut           0%           94%         2
 Spider Form              Tmut/Pois      0%           99%         3
 Ice Form                 Ice/Tmut       0%           100%        4
 Blade Hands              Tmut           0%           100%        5


Dungeon Overview and Level Annotations

Branches:
Dungeon (5/15)
 Temple: D:4-7

Altars:
Uskayaw


Innate Abilities, Weirdness & Mutations

You cannot be hasted, slowed, berserked, paralysed or teleported.
You can dig through walls and to a lower floor.
Your four strong arms can wield two-handed weapons with a shield.
You have a pair of large antennae on your head. (SInv)


Message History

You hit the steam dragon.
The steam dragon is almost dead.
The steam dragon breathes steam at you. The ball of steam hits you!
* * * LOW HITPOINT WARNING * * *
Unknown command.
Unknown command.
Really walk into that cloud of steam?
Okay, then.
You hit the steam dragon but do no damage.
The steam dragon is almost dead.
You block the steam dragon's attack. x2
Unknown command.
Unknown command.
The steam dragon barely misses you. You block the steam dragon's attack.
Unknown command.
You hit the steam dragon but do no damage.
The steam dragon is almost dead.
The steam dragon bites you!
You die...

.#......$....##≈P≈###
....#.......## ^..≈.#
#...†.....# ....P##
##..#.....# ....PP#
##.#......# ....≈≈#
#.(..†.^..## ...PP#
#...#)§.§...##.P..≈#
...#.#§§.§§§.D[# ####
#§)....@..#
#....§....#
#...........#
...###..####.# .....
#..## #.# .... ...##
#.# .... ... #.# ...
.. ###


You could see a steam dragon (catching breath).

Vanquished Creatures
  A steam dragon (D:5)
  An ogre (D:4)
  Crazy Yiuf (D:4)
  Ijyb (D:3)
  2 worker ants (D:4)
  3 gnolls (D:5)
  A howler monkey skeleton (D:4)
  4 adders
  2 oozes
  An adder zombie (D:5)
  A worm (D:4)
  4 dart slugs
  3 leopard geckos
  8 orcs
  3 giant cockroaches
  12 goblins
  6 hobgoblins
  10 jackals
  5 kobolds
  A quokka (D:3)
  A ball python (D:3)
  4 bats
  3 frilled lizards
  5 rats
83 creatures vanquished.

Vanquished Creatures (others)
  A fungus (D:5)
1 creature vanquished.

Grand Total: 84 creatures vanquished

Notes
Turn   | Place    | Note
-------+----------+-------------------------------------------
     0 | D:1      | Arum the Formicid Fighter began the quest for the Orb.
     0 | D:1      | Reached XP level 1. HP: 18/18 MP: 1/1
   189 | D:1      | Reached XP level 2. HP: 22/24 MP: 2/2
   681 | D:2      | Reached XP level 3. HP: 29/29 MP: 3/3
  1371 | D:3      | Reached XP level 4. HP: 37/37 MP: 4/4
  1818 | D:3      | Noticed Ijyb
  1847 | D:3      | Killed Ijyb
  1848 | D:3      | Reached XP level 5. HP: 40/42 MP: 5/5
  2597 | D:4      | Found a runed translucent door.
  2598 | D:4      | Noticed Crazy Yiuf
  2603 | D:4      | Killed Crazy Yiuf
  2604 | D:4      | Reached XP level 6. HP: 49/49 MP: 6/6
  2918 | D:4      | Reached skill level 5 in Shields
  2933 | D:4      | Noticed an ogre
  2942 | D:4      | Killed an ogre
  3036 | D:4      | Noticed a +0 hand axe
  3037 | D:4      | Found a hide-covered altar of Uskayaw.
  3038 | D:4      | Noticed a +0 hand axe
  3178 | D:5      | Entered Level 5 of the Dungeon
  3232 | D:5      | Reached XP level 7. HP: 55/55 MP: 7/7
  3239 | D:5      | Noticed a steam dragon
  3239 | D:5      | Noticed a steam dragon
  3255 | D:5      | Killed a steam dragon
  3256 | D:5      | Reached skill level 5 in Fighting
  3256 | D:5      | Reached skill level 5 in Armour
  3271 | D:5      | Slain by a steam dragon

Illustrated notes

Levels and vault maps discovered:
D:1:      scummos_arrival_simple_crosswalls, layout_basic,
          corexii_leaking_fountain
D:2:      layout_loops_cross
D:3:      kennysheep_the_goblin_king, layout_basic
D:4:      layout_cave_pods, dancing_weapons_uskayaw, uniq_crazy_yiuf_cottage,
          uniq_ijyb
D:5:      kennysheep_steamy, layout_rooms, minitemple, fedhas_altar_4

Skill      XL: |  1  2  3  4  5  6  7 |
---------------+----------------------+-----
Shields        | 4 5 |  5.8
Fighting       | 4 5 |  5.1
Armour         | 4 5 |  5.0
Long Blades    | 3 4 |  4.1

Action                   |  1- 3 |  4- 6 |  7- 9 || total
-------------------------+-------+-------+-------++-------
Melee: Long sword        |    97 |   193 |    22 ||   312
 Abil: Dig               |     5 |       |       ||     5
Armor: Scale mail        |    46 |    94 |    12 ||   152
Dodge: Dodged            |    27 |    76 |    12 ||   115
Block: Kite shield       |    48 |   112 |    16 ||   176
       Rpst.: Long sword |    11 |    21 |     3 ||    35
